 Dungeon Crawl Stone Soup version 0.21.1-1-g345015fe64 (webtiles) character file.

347 Kejsarherre the Skirmisher (level 6, -1/52 HPs)
             Began as a Demonspawn Gladiator on May 10, 2018.
             Slain by Edmund
             ... wielding a +2 dire flail of draining
              (3 damage)
             ... on level 4 of the Dungeon.
             The game lasted 00:03:50 (2801 turns).

Kejsarherre the Skirmisher (Demonspawn Gladiator)   Turns: 2801, Time: 00:03:52

Health: -1/52      AC:  5    Str: 14    XL:     6   Next: 33%
Magic:  6/6        EV: 11    Int: 12    God:
Gold:   98         SH:  0    Dex: 14    Spells: 5/5 levels left

rFire    . . .     SeeInvis .   a - +0 flail
rCold    . . .     Gourm    .   (no shield)
rNeg     . . .     Faith    .   e - +0 leather armour (curse)
rPois    .         Spirit   .   q - +0 helmet
rElec    .         Reflect  .   (no cloak)
rCorr    .         Harm     +   g - +0 pair of gloves
MR       .....                  (no boots)
Stlth    +.........             n - amulet of harm
HPRegen  0.17/turn              (no ring)
MPRegen  0.10/turn              (no ring)

@: heavily drained, very slow
A: demonic guardian 1
a: no special abilities


You were on level 4 of the Dungeon.
You were hungry.

You visited 1 branch of the dungeon, and saw 4 of its levels.

You collected 98 gold pieces.

Inventory:

Hand Weapons
 a - a +0 flail (weapon)
Missiles
 d - 3 throwing nets (quivered)
Armour
 e - a cursed +0 leather armour (worn)
 g - a +0 pair of gloves (worn)
 q - a +0 helmet (worn)
Jewellery
 n - an amulet of harm (around neck)
Wands
 k - a wand of polymorph (9)
Scrolls
 b - 4 scrolls of identify {unknown}
 h - 2 scrolls of teleportation {unknown}
 i - a scroll of enchant weapon {unknown}
 l - a scroll of fog {unknown}
 r - a scroll of blinking {unknown}
 s - a scroll of magic mapping {unknown}
 t - 2 scrolls of remove curse {unknown}
 v - a scroll of immolation {unknown}
Potions
 c - a potion of flight {unknown}
 j - a potion of haste {unknown}
 m - a potion of curing
 o - a potion of magic {unknown}
 p - a potion of invisibility {unknown}
 u - a potion of heal wounds {unknown}
 w - a potion of agility
Comestibles
 f - 10 rations


   Skills:
 - Level 6.0(4.5) Fighting
 + Level 3.9(2.5) Maces & Flails
 - Level 1.7(0.4) Throwing
 - Level 2.6(1.3) Dodging


You had 5 spell levels left.
You didn't know any spells.

Dungeon Overview and Level Annotations

Branches:
Dungeon (4/15)
 Temple: D:4-7

Altars:
Yredelemnul
The Shining One

Annotations:
D:4 Edmund


Innate Abilities, Weirdness & Mutations

A weak demonic guardian rushes to your aid.


Message History

Your quasit barely misses Edmund.
Edmund misses you.
Your quasit bites Edmund.
Your quasit claws Edmund but does no damage.
Your quasit splashes around in the water.
Your quasit bites Edmund but does no damage.
Your quasit claws Edmund.
Your quasit barely misses Edmund.
You are feeling hungry.
You enter the shallow water.
Moving in this stuff is going to be slow.
Your quasit splashes around in the water.
Your quasit closely misses Edmund.
Your quasit splashes around in the water.
Your quasit splashes around in the water.
Your quasit claws Edmund.
Your quasit splashes around in the water.
Edmund hits you with a dire flail of draining!
* * * LOW HITPOINT WARNING * * *
You feel drained.
You die...

##.#
###†≈≈≈≈≈≈≈##
...#
#..########.#
#### ##.## #†#
#..#≈ #≈# #..#≈
#≈# #..#. #.#
#..#. #5#
#..#≈#######.#
##[###≈≈≈.5@@##
##.## #########
#.## #.# #.##
##.## ##.###.#
#....# #.#.##


You could see Edmund, a friendly quasit and a friendly shadow imp.

Vanquished Creatures
  An ogre (D:4)
  An orc priest (D:3)
  A worker ant (D:4)
  2 orc wizards (D:3)
  A river rat (D:4)
  6 adders
  An ooze (D:2)
  5 dart slugs
  A leopard gecko (D:1)
  3 orcs (D:3)
  3 ball pythons
  2 giant cockroaches
  10 goblins
  4 hobgoblins
  6 jackals
  2 quokkas
  5 bats
  5 frilled lizards
  6 kobolds
  7 rats
72 creatures vanquished.

Vanquished Creatures (collateral kills)
  An orc wizard (D:3)
  Jessica (D:2)
  A worker ant (D:2)
  An orc (D:3)
  3 goblins
  A hobgoblin (D:2)
  2 jackals (D:3)
  A kobold (D:3)
  A bat (D:3)
  A rat (D:3)
13 creatures vanquished.

Grand Total: 85 creatures vanquished

Notes
Turn   | Place    | Note
-------+----------+-------------------------------------------
     0 | D:1      | Kejsarherre the Demonspawn Gladiator began the quest for the Orb.
     0 | D:1      | Reached XP level 1. HP: 16/16 MP: 1/1
   222 | D:1      | Gained mutation: A weak demonic guardian rushes to your aid. [demonic ancestry]
   222 | D:1      | Reached XP level 2. HP: 21/23 MP: 2/2
   272 | D:1      | Reached skill level 3 in Fighting
   754 | D:2      | Reached XP level 3. HP: 24/29 MP: 3/3
   801 | D:2      | Noticed Jessica
   842 | D:2      | Killed Jessica
   842 | D:2      | Reached skill level 4 in Fighting
   890 | D:2      | Reached XP level 4. HP: 38/38 MP: 4/4
   923 | D:2      | Found a basalt altar of Yredelemnul.
  1570 | D:2      | Found a glowing golden altar of the Shining One.
  1580 | D:2      | Noticed an angel
  1708 | D:3      | Reached skill level 5 in Fighting
  1736 | D:3      | Reached XP level 5. HP: 15/44 MP: 5/5
  2148 | D:3      | Reached skill level 6 in Fighting
  2569 | D:4      | Noticed an ogre
  2579 | D:4      | Killed an ogre
  2579 | D:4      | Reached XP level 6. HP: 32/52 MP: 6/6
  2790 | D:4      | Noticed Edmund
  2801 | D:4      | HP: 2/52 [Edmund/dire flail of draining (12)]
  2801 | D:4      | Slain by Edmund

Skill      XL: |  1  2  3  4  5 |
---------------+----------------+-----
Fighting       | 3 4 5 6 |  6.0
Maces & Flails | 3 |  3.9
Throwing       | |  1.7
Dodging        | |  2.6

Action                   |  1- 3 |  4- 6 || total
-------------------------+-------+-------++-------
Melee: Flail             |    90 |   164 ||   254
       Unarmed           |     3 |       ||     3
  Use: Potion            |       |     2 ||     2
  Eat: Chunk             |       |     6 ||     6
Armor: Leather armour    |    35 |    63 ||    98
Dodge: Dodged            |    64 |   105 ||   169
